Map: Forteresse de fer EC

Players

Octoman - Winner!

  • Race: Protoss Protoss

AgCl

  • Race: Protoss Protoss

VOD

Have the link to the VOD?

Description

Time

  • Played on: May 5, 2015, 5:29 a.m.
  • Length: 6:46
Show
View Real Time Build Order
Export as new Build Order

Octoman Protoss - Winner!

Build Orders:  

Get SALT Encoding   

  12  0:01  Probe  
  13  0:25  Probe  
  13  0:27  Pylon  
  14  0:45  Probe (Chrono Boost)  
  15  0:52  Gateway  
  15  0:53  Assimilator  
  15  0:55  Assimilator  
  15  0:56  Probe (Chrono Boost)  
  16  1:02  Probe (Chrono Boost)  
  17  1:11  Pylon  
  17  1:14  Probe (Chrono Boost)  
  18  1:23  Probe (Chrono Boost)  
  19  1:31  Probe  
  20  1:43  Probe (Chrono Boost)  
  20  1:46  Cybernetics Core  
  21  1:47  Zealot  
  24  1:55  Probe (Chrono Boost)  
  24  2:02  Probe (Chrono Boost)  
  25  2:13  Probe (Chrono Boost)  
  26  2:21  Probe (Chrono Boost)  
  27  2:25  Adept  
  27  2:27  Warp Gate (Chrono Boost)  
  29  2:38  Nexus  
  29  2:52  Pylon  
  29  2:56  Robotics Facility  
  29  3:00  Pylon  
  29  3:01  Probe  
  30  3:13  Mothership Core  
  32  3:22  Adept  
  34  3:29  Forge  
  34  3:40  Gateway  
  32  3:43  Gateway  
  32  3:45  Immortal (Chrono Boost)  
  35  4:02  Pylon  
  34  4:27  Probe  
  34  4:28  Probe, Protoss Ground Weapons Level 1  
  36  4:40  Probe (Chrono Boost)  
  37  4:46  Immortal  
  37  4:51  Probe (Chrono Boost)  
  37  4:52  Probe (Chrono Boost)  
  44  5:01  Probe x2 (Chrono Boost)  
  44  5:06  Stalker  
  45  5:25  Probe x2  
  47  5:32  Stalker x3  
  47  5:37  Probe (Chrono Boost)  
  47  5:38  Probe (Chrono Boost)  
  49  5:49  Probe (Chrono Boost)  
  51  5:50  Probe (Chrono Boost)  
  51  5:54  Twilight Council  
  51  5:56  Assimilator  
  51  5:57  Probe x2 (Chrono Boost)  
  55  6:00  Assimilator  
  55  6:06  Probe (Chrono Boost)  
  55  6:08  Probe (Chrono Boost)  
  55  6:19  Pylon  
  55  6:22  Observer (Chrono Boost)  
  55  6:30  Pylon  
Show
View Real Time Build Order
Export as new Build Order

AgCl Protoss 

Build Orders:  

Get SALT Encoding   

  13  0:11  Pylon  
  13  0:13  Probe  
  13  0:30  Gateway  
  13  0:31  Probe (Chrono Boost)  
  15  0:43  Probe (Chrono Boost)  
  16  0:50  Probe (Chrono Boost)  
  16  1:00  Probe  
  16  1:02  Assimilator  
  17  1:12  Probe  
  17  1:16  Cybernetics Core  
  18  1:24  Probe (Chrono Boost)  
  19  1:30  Pylon  
  19  1:34  Probe (Chrono Boost)  
  19  1:36  Pylon  
  20  1:41  Probe  
  21  1:47  Gateway  
  21  1:50  Assimilator  
  21  1:53  Warp Gate (Chrono Boost)  
  21  1:56  Probe  
  24  2:01  Adept  
  24  2:08  Probe  
  26  2:23  Gateway  
  26  2:27  Gateway  
  26  2:28  Probe  
  26  2:40  Twilight Council  
  26  2:42  Probe  
  27  2:54  Probe  
  28  3:06  Probe  
  29  3:18  Probe  
  28  3:30  Mothership Core  
  28  3:32  Stalker x3  
  28  3:33  Stalker  
  38  3:49  Pylon  
  36  4:10  Stalker  
  36  4:11  Stalker x3  
  29  4:38  Dark Shrine  
  29  4:42  Sentry  
  29  4:45  Zealot x2  
  35  5:06  Zealot  
  35  5:14  Zealot  
  35  5:19  Stalker x2  
  37  5:26  Probe  
  34  5:29  Gateway  
  32  5:46  Nexus  
  30  5:51  Dark Templar x2  
  34  6:10  Dark Templar  
  36  6:35  Dark Templar  
Tags
 
Add a new tag
Caveats
  • Supply blocks, unpowered buildings, or Contaminate may cause inaccurate times.
  • Supply counts are checked every 10 seconds.